Map: Nightshade LE

Players

antagomiR - Winner!

  • Race: Protoss Protoss
  • Spawn Location: 5:00

VOD

Have the link to the VOD?

Description

Time

  • Played on: March 29, 2020, 1:47 p.m.
  • Length: 27:15
Show
View Real Time Build Order
Export as new Build Order

antagomiR Protoss - Winner!

Build Orders:  

Get SALT Encoding   

  12  0:18  Probe (Chrono Boost)  
  13  0:47  Probe (Chrono Boost)  
  14  0:57  Pylon  
  14  1:16  Probe (Chrono Boost)  
  15  1:26  Gateway  
  15  1:36  Probe (Chrono Boost)  
  16  1:44  Assimilator  
  16  1:52  Probe (Chrono Boost)  
  17  2:03  Probe (Chrono Boost)  
  18  2:12  Assimilator  
  18  2:15  Probe (Chrono Boost)  
  20  2:30  Probe (Chrono Boost)  
  20  2:47  Probe (Chrono Boost)  
  21  2:53  Cybernetics Core  
  20  3:05  Probe (Chrono Boost)  
  21  3:26  Pylon  
  21  3:27  Probe (Chrono Boost)  
  22  3:49  Probe  
  23  4:06  Probe  
  24  4:23  Probe  
  25  4:39  Nexus  
  25  4:45  Warp Gate (Chrono Boost)  
  25  4:54  Pylon  
  25  4:59  Probe  
  26  5:09  Stalker  
  28  5:16  Probe  
  29  5:33  Probe  
  29  5:44  Cybernetics Core  
  29  6:02  Robotics Facility  
  29  6:04  Probe  
  30  6:21  Probe x2  
  32  6:38  Probe  
  33  6:51  Shield Battery  
  33  7:00  Assimilator  
  33  7:03  Probe x2, Assimilator  
  33  7:09  Observer  
  45  7:20  Probe x2  
  38  7:36  Probe, Gateway x2  
  39  7:51  Probe  
  39  7:53  Probe  
  41  8:01  Observer  
  41  8:08  Probe  
  43  8:18  Probe  
  44  8:25  Probe  
  42  9:02  Probe x2  
  37  9:11  Stalker  
  37  9:19  Probe  
  40  9:28  Stalker  
  40  9:29  Stalker  
  42  9:34  Probe  
  42  9:36  Probe  
  44  9:51  Probe  
  44  9:52  Stalker  
  45  10:07  Stalker  
  45  10:08  Stalker  
  49  10:10  Probe x2  
  51  10:27  Probe  
  51  10:35  Probe  
  52  10:44  Probe  
  53  10:51  Pylon  
  53  11:04  Probe  
  54  11:16  Probe, Immortal  
  59  11:33  Sentry  
  61  11:44  Pylon  
  61  11:52  Probe  
  62  12:00  Pylon  
  62  12:09  Probe x2  
  64  12:12  Stalker  
  64  12:14  Stalker  
  64  12:17  Sentry  
  70  12:26  Probe  
  71  12:34  Immortal (Chrono Boost)  
  75  13:03  Pylon  
  75  13:07  Twilight Council  
  75  13:17  Forge  
  79  13:31  Immortal (Chrono Boost)  
  79  13:42  Pylon  
  79  13:43  Probe x2  
  79  13:48  Pylon  
  81  14:07  Nexus  
  81  14:11  Pylon  
  81  14:20  Sentry  
  81  14:22  Stalker x2  
  87  14:53  Probe  
  87  14:54  Probe  
  89  15:06  Gateway  
  89  15:08  Gateway  
  89  15:10  Gateway  
  89  15:12  Gateway  
  89  15:14  Probe x2  
  87  15:23  Shield Battery  
  87  15:32  Probe, Assimilator  
  87  15:33  Probe  
  87  15:35  Assimilator  
  89  15:40  Stalker x2  
  89  15:41  Stalker  
  89  15:42  Pylon  
  89  15:49  Probe  
  96  16:15  Observer (Chrono Boost)  
  96  16:45  Probe x3  
  99  17:04  Probe x2  
  101  17:41  Immortal  
  105  18:01  Protoss Ground Weapons Level 1 (Chrono Boost)  
  105  18:21  Probe x2  
  105  18:26  Stalker x2  
  105  18:27  Stalker  
  105  18:28  Stalker x2  
  105  18:29  Stalker  
  119  18:30  Stalker  
  119  18:33  Pylon  
  119  18:36  Warp Prism  
  123  19:10  Blink  
  123  19:44  Templar Archives  
  123  19:51  Immortal  
  123  20:46  Immortal  
  127  21:03  Protoss Ground Armor Level 1 (Chrono Boost)  
  127  21:11  Stalker  
  127  21:12  Stalker x2  
  133  21:54  Stalker  
  133  21:55  Stalker  
  137  22:14  Stalker x2  
  141  22:24  Pylon  
  141  22:53  Stalker  
  141  22:54  Stalker x3  
  149  23:26  Pylon  
  149  23:31  Pylon  
  127  24:07  Stalker x2  
  127  24:08  Stalker  
  133  24:50  Stalker x3  
  133  24:51  Stalker x2  
  133  24:52  Stalker x2  
  147  25:37  Stalker x3  
  147  25:38  Stalker x4  
  161  26:24  Stalker x2  
Tags
 
Matchup
Co-op
Replay Pack
20200422
Add a new tag
Caveats
  • Supply blocks, unpowered buildings, or Contaminate may cause inaccurate times.
  • Supply counts are checked every 10 seconds.